AoeStats
← El Patriota

Enclosed

503886670Analyzed
2v2 RM · 1mo ago on Sep 2, 2026· 28m 7s· 4 players
Game mode
Random Map
Map size
Medium (4 player)
Population
200
Speed
Normal
Resources
Standard
Victory
Conquest
Starting age
Dark Age
Ending age
Imperial Age
RankedLock teamsTeams togetherTeam positionsShared explorationLock speedFull tech treeHidden civsTurbo modeCheats
Victory
Defeat
🇫🇷 Khmer · France
1029
+12
🇫🇷 Franks · France
1005
+13
🇦🇷 Koreans · Argentina
955
-32
🇦🇷 Persians · Argentina
945
-13
El Patriota
4:18 Loom
13:01 Feudal Age
22:32 Gold Mining
22:48 Man-at-Arms
GordiTOsko
10:11 Feudal Age
10:33 Double-Bit Axe
15:29 Castle Age
13:36 Horse Collar
20:18 Husbandry
Tavern
7:35 Loom
10:37 Feudal Age
11:04 Double-Bit Axe
17:12 Scale Barding Armor
20:43 Castle Age
19:35 Fletching
19:57 Forging
20:22 Scale Mail Armor
23:40 Iron Casting
22:29 Pikeman
23:41 Horse Collar
24:17 Bow Saw
24:23 Gold Mining
28:22 Wheelbarrow
Papi-etoilette
7:43 Loom
9:36 Feudal Age
7:53 Loom
12:25 Double-Bit Axe
19:07 Castle Age
18:35 Wheelbarrow
20:32 Bow Saw
20:23 Gold Mining
21:36 Scale Barding Armor
25:58 Hand Cart
26:32 Chain Barding Armor
26:22 Forging
27:20 Husbandry
27:26 Town Watch
29:09 Iron Casting
Connection lost

Rejoining the realm…

Still unreachable

The connection could not be restored.

Session expired

The server has moved on; the page needs a fresh start.